 Dungeon Crawl Stone Soup version 0.26-a0-639-g72c4674329 (webtiles) character file.

Game seed: 1236923945845557804

1771 Borgoz the Skirmisher (level 9, -2/57 HPs)
             Began as a Gargoyle Berserker on Sept 19, 2020.
             Was an Elder of Trog.
             Slain by a seven-headed hydra (6 damage)
             ... on level 7 of the Dungeon.
             The game lasted 00:06:50 (6539 turns).

Borgoz the Skirmisher (Gargoyle Berserker)          Turns: 6539, Time: 00:06:51

Health: -2/57      AC: 26    Str: 22    XL:     9   Next: 7%
Magic:  9/9        EV:  8    Int:  8    God:    Trog [****..]
Gold:   318        SH:  0    Dex: 11    Spells: 8/8 levels left

rFire    . . .     SeeInvis .   w - +0 flail
rCold    . . .     Faith    .   (no shield)
rNeg     + . .     Spirit   .   x - +6 plate armour "Ziodwu" {Stlth+}
rPois    ∞         Reflect  .   o - +0 helmet
rElec    +         Harm     .   (no cloak)
rCorr    .         Rampage  .   (no gloves)
MR       +....                  (no boots)
Stlth    ..........             (no amulet)
HPRegen  0.19/turn              q - ring of attention (curse)
MPRegen  0.11/turn              h - ring of protection from magic

@: about to teleport
A: negative energy resistance 1, electricity resistance, unbreathing,
petrification resistance, rot immunity, AC +6
a: Berserk, Trog's Hand, Brothers in Arms, Renounce Religion


You were on level 7 of the Dungeon.
You worshipped Trog.
Trog was greatly pleased with you.
You visited 1 branch of the dungeon, and saw 7 of its levels.

You collected 318 gold pieces.

Inventory:

Hand Weapons
 w - a +0 flail (weapon)
Armour
 o - a +0 helmet (worn)
 x - the +6 plate armour "Ziodwu" (worn) {Stlth+}
   (You found it on level 6 of the Dungeon)

   It makes you more stealthy.
Jewellery
 h - a ring of protection from magic (right hand)
 q - a cursed ring of attention (left hand)
Wands
 k - a wand of flame (20)
 v - a wand of digging (6)
Scrolls
 a - 3 scrolls of blinking {unknown}
 c - a scroll of fog {unknown}
 e - 3 scrolls of magic mapping {unknown}
 j - a scroll of noise {unknown}
 l - a scroll of fear {unknown}
 n - 9 scrolls of remove curse
 p - 3 scrolls of teleportation
 s - 3 scrolls of enchant weapon {unknown}
 t - a scroll of enchant armour {unknown}
Potions
 b - a potion of degeneration {unknown}
 d - a potion of brilliance {unknown}
 f - 5 potions of cancellation
 g - 3 potions of might
 i - 4 potions of curing
 m - a potion of stabbing
 r - 2 potions of resistance {unknown}
 u - 3 potions of flight {unknown}


   Skills:
 + Level 7.0 Fighting
 + Level 6.4 Maces & Flails
 + Level 6.5 Armour
 + Level 4.9 Dodging


You had 8 spell levels left.
You didn't know any spells.
Your spell library was empty.

Dungeon Overview and Level Annotations

Branches:
Dungeon (7/15)
 Temple: D:4-7

Altars:
Elyvilon
The Shining One

Annotations:
D:4 2 transporters, Killmatronix's ghost, novice GrVM
D:6 3 runed translucent doors, Lanoc's ghost, novice TrDe


Innate Abilities, Weirdness & Mutations

You are resistant to torment.
Your stone body is resilient. (AC +6)
You are immune to poison.
You resist negative energy. (rN+)
You are resistant to electric shocks. (rElec)
You can survive without breathing.
You are immune to petrification.
You are immune to rotting.


Message History

The seven-headed hydra bites you but does no damage.
The seven-headed hydra bites you.
* * * LOW HITPOINT WARNING * * *
The seven-headed hydra barely misses you.
The seven-headed hydra bites you but does no damage.
The seven-headed hydra barely misses you.
The seven-headed hydra bites you but does no damage. x2
You hear an angry hiss.
Your ogre hits the seven-headed hydra with a +0 giant spiked club!!
A steam dragon comes into view.
The seven-headed hydra bites your ogre! x4
Your ogre dies!
Your ogre's corpse disappears in a puff of smoke!
As you read the scroll of teleportation, it crumbles to dust.
You feel strangely unstable.
The orc warrior hits you but does no damage.
The orc warrior hits you but does no damage.
The seven-headed hydra bites you but does no damage. x3
The seven-headed hydra bites you.
You die...

#.#.# #..####
#.##.#.## #
##.#.#
####.###
#.....####
##..o.....#
#...D.....#
#..@......#
#.........#
#..D......#
#..<........
#####.####...
..# ... ###
..


You could see a seven-headed hydra, a steam dragon and an orc warrior.

Vanquished Creatures
  Eustachio (D:4)
  3 ogres (D:6)
  A phantom (D:6)
  2 ice beasts (D:6)
  A centaur (D:6)
  Blork the orc (D:4)
  2 bullfrogs (D:6)
  2 scorpions
  A water moccasin skeleton (D:4)
  A hound (D:5)
  7 orc wizards
  4 orc priests
  A gnoll shaman (D:4)
  A worker ant (D:5)
  4 gnolls (D:4)
  8 adders
  A howler monkey skeleton (D:7)
  2 shadow imps (D:6)
  A white imp (D:5)
  An adder skeleton (D:4)
  2 worms
  2 dart slugs (D:1)
  5 leopard geckos
  21 orcs
  2 ball pythons
  8 giant cockroaches
  11 hobgoblins
  9 jackals
  2 quokkas
  5 bats
  8 frilled lizards
  12 goblins
  A jackal skeleton (D:6)
  A jackal zombie (D:5)
  6 kobolds
  11 rats
151 creatures vanquished.

Vanquished Creatures (others)
  6 plants (D:4)
6 creatures vanquished.

Grand Total: 157 creatures vanquished

Notes
Turn   | Place    | Note
-------+----------+-------------------------------------------
     0 | D:1      | Borgoz the Gargoyle Berserker began the quest for the Orb.
     0 | D:1      | Reached XP level 1. HP: 14/14 MP: 1/1
   291 | D:1      | Reached XP level 2. HP: 18/19 MP: 2/2
   802 | D:1      | Reached XP level 3. HP: 20/23 MP: 3/3
  1293 | D:2      | Reached ** piety under Trog
  1509 | D:2      | Reached XP level 4. HP: 29/29 MP: 4/4
  1711 | D:2      | Reached skill level 4 in Fighting
  2167 | D:2      | Reached XP level 5. HP: 25/33 MP: 5/5
  2470 | D:3      | Reached *** piety under Trog
  3349 | D:4      | Noticed Eustachio
  3362 | D:4      | Killed Eustachio
  3362 | D:4      | Reached XP level 6. HP: 40/40 MP: 6/6
  3577 | D:4      | Found a transporter.
  3587 | D:4      | Noticed Killmatronix's ghost (novice GrVM)
  3604 | D:4      | Reached skill level 5 in Fighting
  3689 | D:4      | Noticed Blork the orc
  3695 | D:4      | Reached XP level 7. HP: 42/44 MP: 7/7
  3698 | D:4      | Killed Blork the orc
  3706 | D:4      | Reached **** piety under Trog
  3992 | D:4      | Found a transporter.
  4312 | D:5      | Entered Level 5 of the Dungeon
  4488 | D:5      | Reached skill level 5 in Maces & Flails
  4637 | D:5      | Reached skill level 5 in Armour
  4792 | D:5      | Found a glowing golden altar of the Shining One.
  5402 | D:6      | Reached XP level 8. HP: 50/51 MP: 8/8
  5422 | D:6      | Found a runed translucent gate.
  5422 | D:6      | Found a runed translucent gate.
  5422 | D:6      | Found a runed translucent gate.
  5542 | D:6      | Reached skill level 6 in Fighting
  5755 | D:6      | Noticed Lanoc's ghost (novice TrDe)
  5760 | D:6      | Found the +11 plutonium sword {*Contam Stlth-}
  6027 | D:6      | Found a white marble altar of Elyvilon.
  6426 | D:6      | Reached skill level 7 in Fighting
  6426 | D:6      | Reached XP level 9. HP: 50/57 MP: 9/9
  6438 | D:6      | Got a twisted plate armour
  6449 | D:6      | Identified the +6 plate armour "Ziodwu" {Stlth+} (You found
                  | it on level 6 of the Dungeon)
  6526 | D:7      | Noticed a seven-headed hydra
  6539 | D:7      | Slain by a seven-headed hydra

Illustrated notes

Levels and vault maps discovered:
D:1:      nzn_arrival_settlement, layout_loops_corners
D:2:      minmay_spotlight, layout_loops_corners
D:3:      layout_basic, minmay_misc_feat_doors
D:4:      layout_basic, gammafunk_ghost_gnarly_gnolls, uniq_blork_the_orc,
          uniq_eustachio
D:5:      layout_basic, nicolae_tso_carved_into_rock
D:6:      layout_basic, gammafunk_ghost_icy, elyvilon_altar_5
D:7:      minmay_cornered_nines, layout_basic, minmay_temple_entry_mist

Skill      XL: |  1  2  3  4  5  6  7  8 |
---------------+-------------------------+-----
Dodging        | 2 3 4 |  4.9
Armour         | 3 4 5 6 |  6.5
Fighting       | 4 5 7 |  7.0
Maces & Flails | 4 5 6 |  6.4

Action                   |  1- 3 |  4- 6 |  7- 9 || total
-------------------------+-------+-------+-------++-------
Melee: Mace              |   123 |   199 |       ||   322
       Flail             |       |    27 |   288 ||   315
Invok: Berserk           |       |     2 |     3 ||     5
       Trog's Hand       |       |       |     1 ||     1
       Brothers in Arms  |       |       |     1 ||     1
  Use: Scroll            |       |       |     8 ||     8
       Potion            |       |       |     2 ||     2
Armor: Ring mail         |    48 |       |       ||    48
       Animal skin       |     2 |       |       ||     2
       Scale mail        |    19 |   192 |   227 ||   438
       Plate armour      |       |       |    29 ||    29
Dodge: Dodged            |    98 |   180 |   160 ||   438

Table legend: (Time is in decaauts)
 A = Elapsed time spent in this place.
 B = Non-inter-level travel time spent in this place.
 C = Inter-level travel time spent in this place.
 D = Time resting spent in this place.
 E = Time spent auto-exploring this place.
 F = Levels seen in this place.
 G = Mean time per level.
                   A        B        C        D        E       F      G
               +--------+--------+--------+--------+--------+-----+--------+
         Total |   6693 |   6464 |    229 |    406 |   4825 |   7 |  956.1 |
       Dungeon |   6693 |   6464 |    229 |    406 |   4825 |   7 |  956.1 |
               +--------+--------+--------+--------+--------+-----+--------+

Top non-repeatable levels by time:
     D:1: 1302 daAuts
     D:6: 1131 daAuts
     D:5: 1097 daAuts
     D:2: 1069 daAuts
     D:3: 1041 daAuts
     D:4: 1012 daAuts
     D:7: 39 daAuts
